 Dungeon Crawl Stone Soup version 0.26-a0-1184-g95e395e029 (webtiles) character file.

Game seed: 10905240028995161447

36 raph the Grave Robber (level 3, 0/28 HPs)
             Began as a Deep Dwarf Necromancer on Dec 27, 2020.
             Slain by an ice beast (5 damage)
             ... on level 3 of the Dungeon.
             The game lasted 00:04:29 (2236 turns).

raph the Grave Robber (Deep Dwarf Necromancer)      Turns: 2236, Time: 00:04:31

Health: 0/28       AC:  2    Str: 11    XL:     3   Next: 19%
Magic:  0/6        EV: 13    Int: 16    God:
Gold:   39         SH:  0    Dex: 13    Spells: 1/6 levels left

rFire    . . .     SeeInvis .   d - +0 hand axe
rCold    . . .     Faith    .   (no shield)
rNeg     . . .     Spirit   .   a - +0 robe
rPois    +         Reflect  .   (no helmet)
rElec    .         Harm     .   (no cloak)
rCorr    .         Rampage  .   (no gloves)
Will     .....                  (no boots)
Stlth    ++........             (no amulet)
HPRegen  0.00/turn              c - ring of poison resistance
MPRegen  0.10/turn              (no ring)

@: non-regenerating
A: damage resistance, heal wounds, sense surroundings 1, no regeneration
a: Heal Wounds


You were on level 3 of the Dungeon.
You visited 1 branch of the dungeon, and saw 3 of its levels.

You collected 39 gold pieces.

Inventory:

Hand Weapons
 d - a +0 hand axe (weapon)
Armour
 a - a +0 robe (worn)
 r - a +1 pair of gloves
Jewellery
 c - a ring of poison resistance (left hand)
 i - an uncursed ring of fire
Scrolls
 e - a scroll of amnesia {unknown}
 g - 2 scrolls of remove curse {unknown}
 k - a scroll of fear {unknown}
 m - 3 scrolls of identify {unknown}
 n - 2 scrolls of blinking {unknown}
 o - a scroll of enchant weapon {unknown}
 q - a scroll of teleportation {unknown}
Potions
 b - 2 potions of resistance {unknown}
 f - a potion of invisibility {unknown}
 h - a potion of attraction {unknown}
 j - a potion of brilliance {unknown}
 l - 2 potions of heal wounds {unknown}
 p - 2 potions of mutation {unknown}


   Skills:
 - Level 2.6 Dodging
 - Level 3.0 Stealth
 - Level 2.0 Spellcasting
 * Level 5.0 Necromancy


You had one spell level left.
You knew the following spells:

 Your Spells              Type           Power        Failure   Level
a - Pain                  Necr           68%          2%          1
b - Animate Skeleton      Necr           34%          2%          1
c - Vampiric Draining     Necr           8%           8%          3

Your spell library contained the following spells:

 Spells                   Type           Power        Failure   Level
 Animate Dead             Necr           8%           26%         4
 Agony                    Necr           17%          58%         5


Dungeon Overview and Level Annotations

Branches:
Dungeon (3/15)

Altars:
Nemelex Xobeh


Innate Abilities, Weirdness & Mutations

You are resistant to damage.
You can heal yourself by infusing magical energy.
You passively map a small area around you.
You do not regenerate.


Message History

The ice beast writhes in agony.
The ice beast closely misses you.
Casting: Pain (safe; 2% risk of failure)
Confirm with . or Enter, or press ? or * to list all spells.
Aiming: Pain (safe; 2% risk of failure)
Press: ? - help, Shift-Dir - straight line, f/p - ice beast
Aim: an ice beast (heavily wounded, chance to affect: 76%)
The ice beast writhes in agony!
The ice beast hits you. The ice beast freezes you!
* * * LOW HITPOINT WARNING * * *
There is a stone staircase leading down here.
Casting: Pain (safe; 2% risk of failure)
Confirm with . or Enter, or press ? or * to list all spells.
The spell is quite dangerous to cast (8% risk of failure)!
Continue anyway?
Aiming: Vampiric Draining (quite dangerous; 8% risk of failure)
Press: ? - help, Shift-Dir - straight line, f/p - ice beast
Aim: an ice beast (severely wounded)
The ice beast is almost dead.
You feel life coursing into your body. The ice beast hits you.
The ice beast freezes you!
You die...

###.### #.#
#......# #.#
#......# #.#
#......# #.#
#......# #># * ,
#......# #.#
#......####.######
* *
#..........Y.....#,
#......####@####...
,*
#......####.####...
,
######...........##
* ##.............#
, #.(_...)......).
* #..........(..).
#.(............. *
* #...............
, #......<........


You could see an ice beast.

Vanquished Creatures
  An adder (D:2)
  An ooze (D:2)
  A worm (D:2)
  A giant cockroach (D:2)
  3 goblins
  3 hobgoblins
  3 bats
  A frilled lizard (D:1)
  4 kobolds
  4 rats (D:1)
22 creatures vanquished.

Notes
Turn   | Place    | Note
-------+----------+-------------------------------------------
     0 | D:1      | raph the Deep Dwarf Necromancer began the quest for the
                  | Orb.
     0 | D:1      | Reached XP level 1. HP: 15/15 MP: 3/3
    16 | D:1      | Learned a level 1 spell: Animate Skeleton
   527 | D:1      | Reached XP level 2. HP: 22/22 MP: 2/4
  1543 | D:2      | Reached XP level 3. HP: 6/28 MP: 2/6
  1547 | D:2      | Learned a level 3 spell: Vampiric Draining
  1892 | D:2      | Found a sparkling altar of Nemelex Xobeh.
  2172 | D:3      | Found a sparkling altar of Nemelex Xobeh.
  2181 | D:3      | Reached skill level 5 in Necromancy
  2219 | D:3      | Noticed an ice beast
  2236 | D:3      | Slain by an ice beast

Illustrated notes

Levels and vault maps discovered:
D:1:      evilmike_arrival_plus, layout_basic
D:2:      layout_loops_corners, nemelex_diamond_rough_becter
D:3:      layout_rooms, yredelemnul_altar_generic, overflow_temple_1_default,
          lemuel_doored_altar

Skill      XL: |  1  2  3 |
---------------+----------+-----
Spellcasting   | 2 |  2.0
Stealth        | 3 |  3.0
Necromancy     | 5 |  5.0
Dodging        | |  2.6

Action                   || total
-------------------------++-------
Melee: Hand axe          ||     7
 Cast: Pain              ||    50
       Animate Skeleton  ||     6
       Vampiric Draining ||     3
 Stab: Sleeping          ||     1
Armor: Robe              ||     4
Dodge: Dodged            ||     9

Table legend: (Time is in decaauts)
 A = Elapsed time spent in this place.
 B = Non-inter-level travel time spent in this place.
 C = Inter-level travel time spent in this place.
 D = Time resting spent in this place.
 E = Time spent auto-exploring this place.
 F = Levels seen in this place.
 G = Mean time per level.
                   A        B        C        D        E       F      G
               +--------+--------+--------+--------+--------+-----+--------+
         Total |   2235 |   2203 |     32 |    563 |   1304 |   3 |  745.0 |
       Dungeon |   2235 |   2203 |     32 |    563 |   1304 |   3 |  745.0 |
               +--------+--------+--------+--------+--------+-----+--------+

Top non-repeatable levels by time:
     D:2: 1398 daAuts
     D:1: 773 daAuts
     D:3: 63 daAuts
